 Dungeon Crawl Stone Soup version 0.27-a0-1154-gfdeffcb720 (webtiles) character file.

Game seed: 3088099105640503317

364 rocky1 the Shield-Bearer (level 6, -3/37 HPs)
             Began as a Gargoyle Fighter on May 15, 2021.
             Slain by an orc warrior
             ... wielding a +0 glaive
              (20 damage)
             ... on level 3 of the Dungeon.
             The game lasted 00:08:33 (2363 turns).

rocky1 the Shield-Bearer (Gargoyle Fighter)         Turns: 2363, Time: 00:08:33

Health: -3/37      AC: 11    Str: 20    XL:     6   Next: 67%
Magic:  6/6        EV:  7    Int:  9    God:
Gold:   95         SH: 10    Dex: 10    Spells: 5/5 levels left

rFire    . . .     SeeInvis .   a - +0 flail
rCold    . . .     Faith    .   c - +0 kite shield
rNeg     + . .     Spirit   .   b - +0 scale mail
rPois    ∞         Reflect  .   (no helmet)
rElec    +         Harm     .   (no cloak)
rCorr    .         Rampage  .   (no gloves)
Will     .....                  (no boots)
Stlth    ..........             (no amulet)
HPRegen  0.12/turn              (no ring)
MPRegen  0.10/turn              (no ring)

@: no status effects
A: sickness immunity, AC +4, negative energy resistance 1, electricity
resistance, torment resistance 1, petrification resistance
a: no special abilities


You were on level 3 of the Dungeon.
You visited 1 branch of the dungeon, and saw 3 of its levels.

You collected 95 gold pieces.

Inventory:

Hand Weapons
 a - a +0 flail (weapon)
Missiles
 e - 14 poisoned darts (quivered)
Armour
 b - a +0 scale mail (worn)
 c - a +0 kite shield (worn)
Scrolls
 f - 2 scrolls of fog {unknown}
 g - a scroll of fear {unknown}
 h - 6 scrolls of identify {unknown}
 j - 2 scrolls of magic mapping {unknown}
 k - 2 scrolls of enchant weapon {unknown}
 l - 2 scrolls of teleportation {unknown}
Potions
 d - a potion of flight {unknown}
 i - a potion of attraction {unknown}
 m - a potion of invisibility {unknown}


   Skills:
 - Level 3.2 Fighting
 + Level 5.0 Maces & Flails
 - Level 3.2 Armour
 + Level 6.1 Shields


You had 5 spell levels left.
You didn't know any spells.
Your spell library was empty.

Dungeon Overview and Level Annotations

Branches:
Dungeon (3/15)

Altars:


Innate Abilities, Weirdness & Mutations

You are immune to sickness and miasma.
Your stone body is resilient. (AC +4)
You are immune to poison.
You resist negative energy. (rN+)
You are resistant to electric shocks. (rElec)
You are resistant to unholy torment.
You are immune to petrification.


Message History

The orc wizard hits you but does no damage.
You closely miss the orc wizard.
The orc wizard hits you but does no damage.
You miss the orc wizard. The orc wizard barely misses you.
You're too confused to move!
The orc wizard hits you with a +0 dagger.
You bump into the rock wall.
The orc wizard completely misses you.
You closely miss the orc wizard.
You feel less confused. You block the orc wizard's attack.
The orc wizard closely misses you.
You hit the orc wizard but do no damage.
The orc wizard misses you.
You hit the orc wizard.
The orc wizard is moderately wounded.
The orc wizard closely misses you.
You thump the orc wizard!
The orc wizard is almost dead.
The orc wizard casts a spell at you. You resist with some effort.
The orc wizard gestures at you while chanting.
The puff of flame hits you.
You hit the orc wizard.
You kill the orc wizard!
You block the orc's attack.
Your Maces & Flails skill increases to level 5!
You hit the orc.
The orc is almost dead.
An orc warrior comes into view. It is wielding a +0 glaive.
You block the orc's attack.
The orc warrior shouts!
You thump the orc!
You kill the orc!
The orc warrior hits you from afar with a +0 glaive!
The orc warrior closely misses you.
Items here: )) [ ††.
Okay, then.
You hit the orc warrior but do no damage.
The orc warrior hits you with a +0 glaive!!
Ouch! That really hurt!
You die...

# #.... ...
######.#
###.# #.#
#.# #.# #.#
#.# #.# #.#
# #.#
##..######.#
#....o@))..#
#.#..#######
#. #


You could see an orc warrior.

Vanquished Creatures
  Sigmund (D:2)
  A scorpion (D:2)
  2 orc wizards (D:3)
  An adder (D:2)
  3 adder zombies (D:2)
  3 worms (D:2)
  4 dart slugs
  2 orcs (D:3)
  3 ball pythons
  6 bats
  5 endoplasms
  3 giant cockroaches
  5 goblins
  2 hobgoblins
  5 kobolds
  8 quokkas
  A frilled lizard (D:1)
  A quokka zombie (D:2)
  5 rats
61 creatures vanquished.

Vanquished Creatures (others)
  A withered plant (D:2)
1 creature vanquished.

Grand Total: 62 creatures vanquished

Notes
Turn   | Place    | Note
-------+----------+-------------------------------------------
     0 | D:1      | rocky1 the Gargoyle Fighter began the quest for the Orb.
     0 | D:1      | Reached XP level 1. HP: 14/14 MP: 1/1
   126 | D:1      | Found a faded altar of an unknown god.
   151 | D:1      | Reached XP level 2. HP: 19/19 MP: 2/2
   421 | D:1      | Reached XP level 3. HP: 10/23 MP: 3/3
   623 | D:1      | Reached skill level 4 in Shields
  1275 | D:2      | Noticed a scorpion
  1280 | D:2      | Killed a scorpion
  1281 | D:2      | Reached XP level 4. HP: 24/28 MP: 4/4
  1367 | D:2      | Reached XP level 5. HP: 31/32 MP: 5/5
  1617 | D:2      | Reached skill level 5 in Shields
  2017 | D:2      | Noticed Sigmund
  2027 | D:2      | Killed Sigmund
  2028 | D:2      | Reached XP level 6. HP: 19/37 MP: 6/6
  2348 | D:3      | Reached skill level 6 in Shields
  2360 | D:3      | Reached skill level 5 in Maces & Flails
  2360 | D:3      | Noticed an orc warrior
  2363 | D:3      | Slain by an orc warrior

Illustrated notes

Levels and vault maps discovered:
D:1:      minmay_arrival_shattered_statue, layout_loops_ring,
          hellmonk_ecumenical_altar_blasted, kennysheep_minor_cross,
          due_unseen_surprise
D:2:      minmay_chambers_of_twos, layout_rooms, serial_undead, serial_undead_e,
          serial_undead_e, serial_undead_c, serial_undead_d, uniq_sigmund
D:3:      layout_loops_ring, serial_shops, nicolae_shop_statue_plus,
          minmay_between

Skill      XL: |  1  2  3  4  5  6 |
---------------+-------------------+-----
Shields        | 4 5 6 |  6.1
Maces & Flails | 3 4 5 |  5.0
Fighting       | |  3.2
Armour         | |  3.2

Action                   |  1- 3 |  4- 6 || total
-------------------------+-------+-------++-------
Melee: Flail             |   122 |   101 ||   223
Throw: Dart              |     2 |     3 ||     5
  Use: Potion            |       |     1 ||     1
Armor: Scale mail        |    67 |    57 ||   124
Dodge: Dodged            |    30 |    30 ||    60
Block: Kite shield       |    77 |    67 ||   144

Table legend: (Time is in decaauts)
 A = Elapsed time spent in this place.
 B = Non-inter-level travel time spent in this place.
 C = Inter-level travel time spent in this place.
 D = Time resting spent in this place.
 E = Time spent auto-exploring this place.
 F = Levels seen in this place.
 G = Mean time per level.
                   A        B        C        D        E       F      G
               +--------+--------+--------+--------+--------+-----+--------+
         Total |   2463 |   2383 |     80 |    268 |   1480 |   3 |  821.0 |
       Dungeon |   2463 |   2383 |     80 |    268 |   1480 |   3 |  821.0 |
               +--------+--------+--------+--------+--------+-----+--------+

Top non-repeatable levels by time:
     D:1: 1164 daAuts
     D:2: 1154 daAuts
     D:3: 145 daAuts
